 Dungeon Crawl Stone Soup version 0.29.1-4-g47bece8355 (webtiles) character file.

Game seed: 12249275320108029500

22 ChadusMaximus the Caller (level 2, -2/15 HPs)
             Began as a Deep Elf Summoner on Dec 4, 2022.
             Slain by an adder (4 damage)
             ... on level 2 of the Dungeon.
             The game lasted 00:02:10 (1868 turns).

ChadusMaximus the Caller (Deep Elf Summoner)        Turns: 1868, Time: 00:02:11

Health: -2/15      AC:  3    Str:  5    XL:     2   Next: 68%
Magic:  6/8        EV: 11    Int: 19    God:
Gold:   62         SH:  0    Dex: 15    Spells: 7/8 levels left

rFire   . . .      SeeInvis .   e - +0 short sword
rCold   . . .      Faith    .   (no shield)
rNeg    . . .      Spirit   .   k - +0 leather armour
rPois   .          Reflect  .   (no helmet)
rElec   .          Harm     .   (no cloak)
rCorr   .          Rampage  .   (no gloves)
Will    .....                   (no boots)
Stlth   ++........              (no amulet)
HPRegen 0.05/turn               (no ring)
MPRegen 0.11/turn               (no ring)

@: lethally poisoned (-2 -> -5)
A: no striking features
a: no special abilities


You were on level 2 of the Dungeon.
You visited 1 branch of the dungeon, and saw 2 of its levels.

You collected 62 gold pieces.

Inventory:

Hand Weapons
 e - a +0 short sword (weapon)
Armour
 a - a +0 robe
 f - a +0 ring mail
 k - a +0 leather armour (worn)
Jewellery
 g - a ring of protection from cold
 i - a ring of willpower
Scrolls
 c - 3 scrolls of identify {unknown}
 j - a scroll of immolation {unknown}
 l - a scroll of poison {unknown}
Potions
 b - a potion of magic
 d - a potion of cancellation {unknown}
 h - a potion of curing {unknown}


   Skills:
 - Level 2.4 Dodging
 - Level 2.4 Stealth
 + Level 3.5 Spellcasting
 * Level 5.0 Summonings


You had 7 spell levels left.
You knew the following spells:

 Your Spells              Type           Power      Damage    Failure   Level
a - Summon Small Mammal   Summ           88%        N/A       3%          1

Your spell library contained the following spells:

 Spells                   Type           Power      Damage    Failure   Level
 Call Imp                 Summ           22%        N/A       4%          2
 Call Canine Familiar     Summ           22%        N/A       9%          3
 Summon Guardian Golem    Hex/Summ       13%        N/A       26%         3
 Summon Lightning Spire   Summ/Air       13%        N/A       63%         4


Dungeon Overview and Level Annotations

Branches:
Dungeon (2/15)

Altars:


Message History

The adder barely misses you.
You miss the adder. The adder barely misses you.
Casting: Summon Small Mammal (safe; 3% risk of failure)
Confirm with . or Enter, or press ? or * to list all spells.
The goblin shouts!
The adder barely misses you.
Casting: Summon Small Mammal (safe; 3% risk of failure)
Confirm with . or Enter, or press ? or * to list all spells.
The adder bites you but does no damage. The adder bites you.
You are poisoned.
The adder poisons you!
The goblin hits your quokka with a +0 dagger.
You closely miss the adder.
You feel sick. The adder closely misses you.
Your quokka bites the goblin.
The goblin closely misses your quokka.
You closely miss the adder.
You feel sick. The adder barely misses you.
Your quokka bites the goblin.
The goblin dies!
The adder bites you.
You are lethally poisoned!
The adder poisons you!
You swap places.
You feel sick.
Your quokka bites the adder.
The adder bites your quokka.
Your quokka is poisoned.
The adder poisons your quokka!
Your quokka barely misses the adder.
Unknown command.
Unknown command.
Unknown command.
You feel sick.
Your quokka closely misses the adder.
The adder bites your quokka.
Your quokka bites the adder. x2
* * * LOW HITPOINT WARNING * * *
You feel sick.
Your quokka dies!
Your quokka's corpse disappears in a puff of smoke!
Your quokka barely misses the adder.
The adder barely misses you.
Unknown command.
You closely miss the adder.
The adder is severely wounded.
* * * LOW HITPOINT WARNING * * *
You feel sick.
Your quokka barely misses the adder.
The adder bites you.
You die...

........#.# #.#
........#.# #.#
.........# #.#
#.......#####.#
#.............#
#.......#######
#.......#
..#####.#...#.#
.......@......#
..#####S#######
....).r.#
..####..# ...#
##.## #. .. ##


You could see an adder (ally target) and a friendly quokka (summoned).

Vanquished Creatures
  3 ball pythons (D:1)
  An endoplasm (D:1)
  A giant cockroach (D:1)
  A hobgoblin (D:1)
  5 rats (D:1)
11 creatures vanquished.

Vanquished Creatures (collateral kills)
  An endoplasm (D:1)
  2 goblins
  A hobgoblin (D:1)
  2 ball pythons (D:1)
  A bat (D:1)
  2 kobolds (D:1)
  2 rats (D:1)
11 creatures vanquished.

Grand Total: 22 creatures vanquished

Notes
Turn   | Place    | Note
-------+----------+-------------------------------------------
     0 | D:1      | ChadusMaximus the Deep Elf Summoner began the quest for the
                  | Orb.
     0 | D:1      | Reached XP level 1. HP: 10/10 MP: 6/6
   342 | D:1      | Found a faded altar of an unknown god.
   702 | D:1      | Reached XP level 2. HP: 15/15 MP: 8/8
  1104 | D:1      | Reached skill level 5 in Summonings
  1868 | D:2      | Slain by an adder

Illustrated notes

Levels and vault maps discovered:
D:1:      minmay_arrival_diagonal_passages, layout_basic,
          ebering_ecumenical_altar_mist, nicolae_eternal_life, minivault_19
D:2:      layout_loops_ring, minmay_tromino_v4_b

Skill      XL: |  1  2 |
---------------+-------+-----
Summonings     | 5 |  5.0
Dodging        | |  2.4
Stealth        | |  2.4
Spellcasting   | |  3.5

Action                   || total
-------------------------++-------
Melee: Unarmed           ||    13
       Short sword       ||    21
 Cast: Summon Small Mamm ||    20
 Stab: Distracted        ||     1
Armor: Robe              ||    12
       Leather armour    ||     1
Dodge: Dodged            ||    25
